 Dungeon Crawl Stone Soup version 0.15.0-12-gccce430 (webtiles) character file.

165502 HungrySpirit the Severer (level 18, -4/223 HPs)
             Began as a Formicid Fighter on Aug 31, 2014.
             Was a High Priest of Qazlal.
             Slain by an alligator (15 damage)
             ... called by a spriggan druid
             ... on Level 3 of the Swamp.
             The game lasted 01:57:08 (37988 turns).

HungrySpirit the Severer (Formicid Fighter)        Turns: 37988, Time: 01:57:08

HP  -4/223       AC 37     Str 28      XL: 18   Next: 51%
MP  24/31        EV  2     Int  9      God: Qazlal [*****.]
Gold 2936        SH 20     Dex 10      Spells:  0 memorised, 17 levels left

rFire  . . .     SeeInvis .     t - +0 battleaxe (protect)
rCold  . . .     Clarity  +     g - melded +0 plate armour
rNeg   + + +     rCorr    .     c - +0 shield
rPois  +         rRot     .     (helmet unavailable)
rElec  .         Spirit   .     v - melded +0 cloak of Weightlessness {rF+ rC+ Int-4}
SustAb .         Warding  .     T - melded +2 pair of gloves
rMut   .         Stasis   +     K - melded +2 pair of boots {run}
Gourm  .                        A - amulet of clarity
MR     +....                    S - ring of positive energy
                                o - ring of poison resistance

@: tree-form, protected from physical damage, repel missiles, somewhat resistant
to hostile enchantments, very unstealthy
A: permanent stasis, dig shafts and tunnels, four strong arms, (antennae 0),
high mp 1
a: Dig, Shaft Self, Upheaval, Elemental Force, Disaster Area, Renounce Religion


You were on level 3 of the Swamp.
You worshipped Qazlal.
Qazlal was extremely pleased with you.
You were very hungry.
You were an animated tree.
You visited 6 branches of the dungeon, and saw 34 of its levels.
You also visited: Ossuary.

You collected 3358 gold pieces.
You spent 422 gold pieces at shops.

Inventory:

Hand weapons
 t - a +0 battleaxe of protection (weapon)
 E - a +3 war axe
 H - the +12 claymore "Jebbiy" {slice, -Tele Int+2}
   (You found it on level 8 of the Lair of Beasts)

   It inflicts extra damage upon your enemies.
   It affects your intelligence (+2).
   It prevents most forms of teleportation.
Armour
 c - a +0 shield (worn)
 g - a +0 plate armour (melded)
 v - the +0 cloak of Weightlessness (melded) {rF+ rC+ Int-4}
   (You acquired it on level 14 of the Dungeon)

   It affects your intelligence (-4).
   It protects you from fire.
   It protects you from cold.
 K - a +2 pair of boots of running (melded)
 N - the +3 cloak "Shrosol" {rC++}
   (You acquired it on level 11 of the Dungeon)

   It greatly protects you from cold.
 T - a +2 pair of gloves (melded)
Magical devices
 p - a wand of digging (13)
 z - a wand of fire (0)
 J - a wand of disintegration (8)
Comestibles
 d - 17 bread rations
 f - 16 meat rations
 s - a beef jerky
Scrolls
 e - 2 scrolls of amnesia
 i - 6 scrolls of recharging
 j - 2 scrolls of magic mapping
 k - 3 scrolls of fog
 u - 10 scrolls of remove curse
 y - 20 scrolls of identify
 C - 4 scrolls of enchant armour
 I - 2 scrolls of enchant weapon
 M - 6 scrolls of fear
 V - a scroll of vulnerability
Jewellery
 o - a ring of poison resistance (left branch)
 A - an amulet of clarity (around neck)
 F - an uncursed ring of ice
 S - a ring of positive energy (right branch)
Potions
 a - 2 potions of cancellation
 b - 5 potions of restore abilities
 h - 4 potions of brilliance
 l - 2 potions of might
 m - a potion of resistance {unknown}
 n - 6 potions of curing
 r - a potion of porridge
 x - 3 potions of flight
 D - a potion of magic
 G - 6 potions of agility
 O - 2 potions of cure mutation
Miscellaneous
 q - a phial of floods (inert)
 B - a lamp of fire (inert)
 Q - a fan of gales (inert)


   Skills:
 - Level 15.0 Fighting
 * Level 12.7 Long Blades
 - Level 18.1 Axes
 + Level 11.2 Armour
 - Level 15.4 Shields
 - Level 6.1 Invocations
 - Level 5.0 Evocations


You had 17 spell levels left.
You didn't know any spells.

Dungeon Overview and Level Annotations

Branches:
Dungeon (15/15)            Temple (0/1) D:7             Orc (4/4) D:9
    Elf (0/3) Orc:3          Lair (8/8) D:10          Swamp (3/5) Lair:5
 Spider (3/5) Lair:5        Slime (0/6) Lair:8       Vaults (0/5) D:14
 Depths (1/5) D:15

Altars:
Ashenzari
Dithmenos
Elyvilon
Fedhas
Makhleb
Nemelex Xobeh
Okawaru
Qazlal
Sif Muna
Vehumet
Yredelemnul
The Shining One
Lugonu

Shops:
Orc:4 %!=*

Annotations:
D:4 Grinder
D:8 exclusion: oklob sapling
Lair:8 exclusion: oklob plant


Innate Abilities, Weirdness & Mutations

Your are under a permanent stasis effect.
You can dig through walls and to a lower floor.
Your four strong arms can wield two-handed weapons with a shield.
((You have a pair of large antennae on your head (SInv).))
You have an increased reservoir of magic (+10% MP).


Message History

You block the alligator's attack.
The baby alligator bites you but does no damage.
You completely miss the alligator. You closely miss the baby alligator.
The baby alligator is moderately wounded.
The spriggan druid calls out to the beasts of the wild!
You block the alligator's attack. The alligator tail-slaps you.
* * * LOW HITPOINT WARNING * * *
Unknown command.
Unknown command.
Unknown command.
You slash the alligator!
The alligator is lightly wounded.
You slash the baby alligator!
The baby alligator is heavily wounded.
You are hit by a branch!
* * * LOW HITPOINT WARNING * * *
The alligator is engulfed in freezing vapours.
You block the alligator's attack. x2
The alligator bites you!
You die...

♣♣≈.♣ ♣♣≈§.≈♣ ♣♣♣§...≈♣♣
♣♣. ≈≈≈≈♣..♣♣ ♣.♣
♣.≈♣≈.).♣♣ ♣♣♣♣♣ ♣♣.♣
♣...≈≈≈..♣♣ ≈.≈≈≈≈♣♣♣
♣..♣♣♣.≈≈≈≈≈≈..♣
≈.t≈≈≈≈.♣♣♣t......≈≈≈≈≈≈.♣
≈.≈.{≈..{♣♣.♣..♣♣..≈≈≈..≈♣
≈≈.≈≈≈≈%kitt♣§.♣♣♣♣≈≈≈≈≈≈≈♣
.≈≈≈≈.≈≈%♣%≈≈≈♣♣ ♣♣♣≈≈≈≈.♣
≈≈≈§§≈≈≈§%≈>≈≈♣ ♣..≈≈≈♣♣
♣≈.≈≈≈≈≈≈≈§≈≈♣♣ ♣♣...≈.♣
♣♣..≈≈♣.>.≈E≈♣♣ ♣♣.♣♣≈.
♣.≈.≈≈.♣≈≈.§§♣ ♣..≈≈♣
♣≈≈.≈.♣♣♣....♣ ♣♣...♣
.≈≈≈♣♣ ♣....♣ ♣..♣..


You could see 2 alligators, a spriggan druid, a baby alligator, a swamp drake
and a friendly fire elemental.

Vanquished Creatures
  A large abomination (D:14)
  Rupert (Lair:3)
  Frances (Spider:2)
  2 emperor scorpions (Spider:2)
  Gastronok (D:10)
  A stone giant (D:15)
  The ghost of uziel the Bludgeoner, a powerful DrBe of Trog (Swamp:1)
  The ghost of HungrySpirit the Spry, a powerful SpBe of Trog (Orc:3)
  Snorg (Lair:3)
  A vault guard (D:13)
  Fannar (Lair:3)
  Harold (Lair:1)
  6 centaur warriors
  A hydra (shapeshifter) (D:15)
  2 shambling mangroves
  9 hydras
  Erica (Orc:2)
  2 small abominations (D:14)
  4 alligators
  An ogre mage (D:14)
  9 death yaks (Lair:8)
  3 orc high priests (Orc:4)
  Urug (Swamp:1)
  A fire crab (Lair:8)
  9 hill giants
  A giant orange brain (D:15)
  7 orb spiders
  A spriggan druid (Swamp:3)
  3 unseen horrors
  2 wizards
  3 swamp dragons
  4 orc sorcerers (Orc:4)
  5 orc knights
  A harpy (shapeshifter) (D:15)
  3 red wasps
  20 wolf spiders
  3 griffons
  2 necromancers (D:13)
  3 cyclopes (D:15)
  A moth of wrath (Spider:2)
  6 black mambas
  3 elephants (Lair:8)
  10 ugly things
  Maurice (D:10)
  A centaur zombie (D:13)
  Joseph (D:8)
  A queen ant (Lair:7)
  2 feature mimics
  3 gargoyles
  13 komodo dragons
  18 spiny frogs
  5 kobold demonologists
  6 demonic crawlers (Spider:2)
  17 jumping spiders
  4 fire drakes
  A deep elf priest (D:14)
  5 water elementals
  A blue devil (Orc:4)
  2 hydra zombies
  13 slime creatures
  2 giant leeches
  4 wandering mushrooms (D:8)
  37 blink frogs
  Prince Ribbit (D:5)
  A troll (D:10)
  4 bog bodies
  3 basilisks
  2 boulder beetles
  5 baby alligators
  4 two-headed ogres
  2 vampires
  3 shadows
  13 trapdoor spiders
  A fire dragon skeleton (D:13)
  5 ravens (Swamp:2)
  11 tarantellas
  The ghost of EvilAshe the Ruinous, an average TeFE (D:4)
  The ghost of Sedillia the Chopper, an average DDFi (D:3)
  27 redbacks
  A deep elf mage (D:12)
  2 air elementals (Spider:2)
  A chaos spawn (Orc:4)
  2 fire bats (Lair:6)
  20 humans (D:13)
  6 spriggans
  46 yaks
  A fire elemental (D:9)
  9 hippogriffs
  3 hungry ghosts
  25 wolves
  3 wyverns
  2 deep elf fighters (D:14)
  24 water moccasins
  5 soldier ants
  20 swamp worms
  3 wargs
  11 vampire mosquitoes
  5 yellow wasps
  14 porcupines
  6 ice beasts
  7 sky beasts
  23 orc warriors
  4 swamp drakes
  4 black bears
  7 ogres
  3 phantoms
  26 spiders
  12 centaurs
  15 crocodiles
  3 boring beetles
  4 big kobolds
  A komodo dragon zombie (D:11)
  25 giant frogs
  A water moccasin zombie (Ossuary)
  6 insubstantial wisps (Swamp:1)
  A wyvern skeleton (D:10)
  A water moccasin skeleton (D:12)
  11 scorpions
  A tengu zombie (D:11)
  7 electric eels
  14 wights
  13 killer bees
  10 crimson imps
  3 goliath beetles
  11 human zombies (D:13)
  14 iguanas
  21 orc priests
  An elf zombie (D:15)
  3 jellies
  A centaur skeleton (D:11)
  3 giant frog zombies
  An elf skeleton (D:11)
  12 hounds
  A human skeleton (D:13)
  A two-headed ogre skeleton (D:10)
  24 worker ants
  32 orc wizards
  2 mottled dragon zombies (D:14)
  A brain worm zombie (D:12)
  21 sheep
  A sky beast zombie (D:6)
  Ijyb (D:4)
  6 big kobold zombies (Ossuary)
  A killer bee zombie (D:7)
  A big kobold skeleton (D:7)
  A hound zombie (D:13)
  3 mummies
  28 adders
  4 gnolls (D:9)
  A scorpion zombie (D:13)
  An inept item mimic (D:7)
  4 orc skeletons (Orc:4)
  62 green rats
  A worm (D:3)
  A shadow imp (D:14)
  A giant mite (D:1)
  5 adder zombies
  2 oozes
  203 orcs
  5 giant cockroaches
  21 goblins
  19 hobgoblins
  12 jackals
  A ball python (D:2)
  17 bats
  6 giant geckos
  3 giant newts
  A giant spore (D:12)
  2 gnoll zombies (Ossuary)
  7 hobgoblin zombies
  34 kobolds
  2 kobold zombies (Ossuary)
  14 orc zombies
  14 quokkas
  2 quokka skeletons (D:4)
  A quokka zombie (D:7)
  11 rats
  4 rat skeletons
  3 rat zombies
  4 ballistomycetes
  3 crawling corpses
  50 fungi
  37 plants
1521 creatures vanquished.

Vanquished Creatures (collateral kills)
  A hydra (D:15)
  An orb spider (Spider:3)
  2 wolf spiders
  A demonic crawler (Spider:2)
  A trapdoor spider (Spider:2)
  A spriggan (Swamp:2)
  A spider (Spider:1)
  2 yellow wasps (Swamp:2)
10 creatures vanquished.

Vanquished Creatures (others)
  A giant leech (Swamp:2)
  An air elemental (Swamp:2)
  3 redbacks (Spider:3)
  3 fire elementals
  3 water elementals
  An orc wizard (Orc:4)
  2 orcs
  A giant spore (D:6)
  8 fungi
  2 plants (Lair:8)
25 creatures vanquished.

Grand Total: 1556 creatures vanquished

Notes
Turn   | Place    | Note
--------------------------------------------------------------
     0 | D:1      | HungrySpirit, the Formicid Fighter, began the quest for the Orb.
     0 | D:1      | Reached XP level 1. HP: 18/18 MP: 1/1
   262 | D:1      | Reached XP level 2. HP: 22/24 MP: 3/3
   397 | D:1      | Reached XP level 3. HP: 24/29 MP: 4/4
  1020 | D:2      | Found a stormy altar of Qazlal.
  1022 | D:2      | Found a shadowy altar of Dithmenos.
  1024 | D:2      | Found a deep blue altar of Sif Muna.
  1025 | D:2      | Found a white marble altar of Elyvilon.
  1025 | D:2      | Found a shattered altar of Ashenzari.
  1025 | D:2      | Found a basalt altar of Yredelemnul.
  1039 | D:2      | Became a worshipper of Qazlal Stormbringer
  1262 | D:3      | Reached XP level 4. HP: 35/35 MP: 5/5
  1277 | D:3      | Reached skill level 4 in Axes
  1720 | D:3      | Noticed Sedillia's ghost (average DDFi)
  1739 | D:3      | Killed Sedillia's ghost
  1739 | D:3      | Reached skill level 5 in Axes
  1739 | D:3      | Reached XP level 5. HP: 14/41 MP: 7/7
  1739 | D:3      | Reached XP level 6. HP: 16/47 MP: 8/8
  2096 | D:3      | Reached skill level 6 in Axes
  2587 | D:4      | Acquired Qazlal's first power
  2602 | D:4      | Found a sand-covered staircase.
  2616 | Ossuary  | Entered an ossuary
  2648 | Ossuary  | Reached XP level 7. HP: 39/52 MP: 9/9
  2828 | Ossuary  | Reached skill level 7 in Axes
  2902 | Ossuary  | Acquired Qazlal's second power
  3223 | D:4      | Noticed EvilAshe's ghost (average TeFE)
  3252 | D:4      | Killed EvilAshe's ghost
  3252 | D:4      | Reached skill level 8 in Axes
  3370 | D:4      | Noticed Ijyb
  3414 | D:4      | Killed Ijyb
  3414 | D:4      | Reached XP level 8. HP: 52/58 MP: 11/11
  3639 | D:4      | Found a sparkling altar of Nemelex Xobeh.
  3647 | D:4      | Noticed Grinder
  3735 | D:4      | Found a radiant altar of Vehumet.
  3735 | D:4      | Found a burning altar of Makhleb.
  3743 | D:4      | Reached skill level 9 in Axes
  4440 | D:5      | Entered Level 5 of the Dungeon
  4506 | D:5      | Noticed Prince Ribbit
  4518 | D:5      | Killed Prince Ribbit
  4518 | D:5      | Reached skill level 10 in Axes
  4881 | D:5      | Reached XP level 9. HP: 64/64 MP: 12/12
  5268 | D:5      | Gained mutation: Your vision is a little blurry. [potion of mutation]
  5268 | D:5      | Gained mutation: You are partially covered in icy blue scales (AC +1). [potion of mutation]
  5268 | D:5      | Gained mutation: Your body is slowly deteriorating. [potion of mutation]
  5269 | D:5      | Lost mutation: Your body is slowly deteriorating. [potion of cure mutation]
  5269 | D:5      | Lost mutation: Your vision is a little blurry. [potion of cure mutation]
  5269 | D:5      | Lost mutation: You are partially covered in icy blue scales (AC +1). [potion of cure mutation]
  5291 | D:6      | Found a glowing golden altar of the Shining One.
  5544 | D:6      | Reached skill level 11 in Axes
  5711 | D:6      | Acquired Qazlal's third power
  5867 | D:6      | Found a blossoming altar of Fedhas.
  5986 | D:6      | Found an iron altar of Okawaru.
  6368 | D:7      | Reached skill level 5 in Fighting
  6535 | D:7      | Found a staircase to the Ecumenical Temple.
  6714 | D:7      | Reached skill level 12 in Axes
  6758 | D:7      | Reached XP level 10. HP: 50/76 MP: 13/13
  6826 | D:7      | Acquired Qazlal's fourth power
  7413 | D:8      | Noticed Joseph
  7428 | D:8      | Killed Joseph
  7553 | D:8      | Reached skill level 13 in Axes
  7881 | D:8      | Found a blossoming altar of Fedhas.
  8489 | D:9      | Found a staircase to the Orcish Mines.
  8612 | D:9      | Reached XP level 11. HP: 74/86 MP: 15/15
  8625 | D:9      | Acquired Qazlal's fifth power
  9135 | D:10     | Entered Level 10 of the Dungeon
  9155 | D:10     | Reached skill level 1 in Invocations
  9182 | D:10     | Noticed a hill giant
  9395 | D:10     | Reached skill level 5 in Shields
  9533 | D:10     | Noticed Maurice
  9553 | D:10     | Killed Maurice
  9553 | D:10     | Reached skill level 5 in Armour
  9601 | D:10     | Found a staircase to the Lair.
  9707 | D:10     | Killed a hill giant
  9714 | D:10     | Noticed Gastronok
  9733 | D:10     | Killed Gastronok
 10244 | D:11     | Reached skill level 5 in Invocations
 10261 | D:11     | Identified a scroll of acquirement
 10264 | D:11     | Got an encrusted cloak
 10275 | D:11     | Identified the +3 cloak "Shrosol" {rC++} (You acquired it on level 11 of the Dungeon)
 10285 | D:11     | Noticed a soul eater
 10323 | D:11     | Found a corrupted altar of Lugonu.
 10446 | D:11     | Noticed a hill giant
 10453 | D:11     | Killed a hill giant
 10453 | D:11     | Reached XP level 12. HP: 93/93 MP: 23/23
 10882 | Lair:1   | Entered Level 1 of the Lair of Beasts
 11002 | Lair:1   | Reached skill level 14 in Axes
 11347 | Lair:1   | Gained mutation: You have an increased reservoir of magic (+10% MP). [potion of beneficial mutation]
 11366 | Lair:1   | Noticed Harold
 11382 | Lair:1   | Killed Harold
 11382 | Lair:1   | Reached skill level 1 in Evocations
 12627 | Lair:2   | Reached XP level 13. HP: 98/98 MP: 27/27
 13030 | Lair:3   | Noticed Fannar
 13042 | Lair:3   | Killed Fannar
 13042 | Lair:3   | Reached skill level 15 in Axes
 13575 | Lair:3   | Noticed Snorg
 13604 | Lair:3   | Killed Snorg
 13604 | Lair:3   | Reached skill level 10 in Shields
 14198 | Lair:3   | Noticed Rupert
 14224 | Lair:3   | HP: 2/98 [Rupert/glowing great mace (26)]
 14229 | Lair:3   | Killed Rupert
 14229 | Lair:3   | Reached skill level 5 in Evocations
 16762 | Lair:5   | Reached skill level 10 in Armour
 16775 | Lair:5   | Reached skill level 16 in Axes
 17134 | Lair:5   | Reached XP level 14. HP: 103/108 MP: 28/28
 17475 | Lair:5   | Found a hole to the Spider Nest.
 17849 | Lair:5   | Found a staircase to the Swamp.
 18735 | Lair:7   | Reached skill level 10 in Fighting
 18977 | Lair:7   | Reached skill level 17 in Axes
 19640 | Lair:8   | Entered Level 8 of the Lair of Beasts
 20168 | Lair:8   | Reached XP level 15. HP: 107/118 MP: 20/29
 20266 | Lair:8   | Found a staircase to the Slime Pits.
 20266 | Lair:8   | Noticed an acid blob
 20266 | Lair:8   | Noticed an acid blob
 20318 | Lair:8   | Got a pitted claymore
 20323 | Lair:8   | Identified the +12 claymore "Jebbiy" {slice, -Tele Int+2} (You found it on level 8 of the Lair of Beasts)
 20389 | Lair:7   | Reached skill level 18 in Axes
 20863 | Lair:8   | Reached skill level 1 in Long Blades
 21569 | Orc:1    | Entered Level 1 of the Orcish Mines
 21662 | Orc:1    | Found a burning altar of Makhleb.
 22083 | Orc:2    | Noticed Erica
 22091 | Orc:2    | Killed Erica
 22495 | Orc:3    | Noticed HungrySpirit's ghost (powerful SpBe)
 22528 | Orc:3    | Killed HungrySpirit's ghost
 22943 | Orc:3    | Found a staircase to the Elven Halls.
 23269 | Orc:4    | Entered Level 4 of the Orcish Mines
 24342 | Orc:4    | Found Neogg's Food Shop.
 24347 | Orc:4    | Found Cemest's Assorted Antiques.
 24348 | Orc:4    | Found Osaol's Distillery.
 24349 | Orc:4    | Found Joquq's Jewellery Shoppe.
 24357 | Orc:4    | Bought a potion of berserk rage for 42 gold pieces
 24361 | Orc:4    | Bought a potion of curing for 80 gold pieces
 24364 | Orc:4    | Bought an uncursed ring of poison resistance for 300 gold pieces
 25488 | D:13     | Reached skill level 5 in Long Blades
 25488 | D:13     | Reached XP level 16. HP: 118/129 MP: 29/29
 25657 | D:13     | the was a mimic.
 26787 | Swamp:1  | Entered Level 1 of the Swamp
 26787 | Swamp:1  | Noticed uziel's ghost (powerful DrBe)
 26795 | Swamp:1  | Noticed Urug
 26812 | Swamp:1  | Killed Urug
 26820 | Swamp:1  | Killed uziel's ghost
 27974 | Spider:1 | Entered Level 1 of the Spider Nest
 29431 | Spider:2 | Reached XP level 17. HP: 127/138 MP: 30/30
 29446 | Spider:2 | Reached skill level 15 in Shields
 29641 | Spider:2 | Noticed Frances
 29650 | Spider:2 | Killed Frances
 33220 | D:14     | Reached skill level 10 in Long Blades
 33225 | D:14     | Got a distressingly furry cloak
 33236 | D:14     | Identified the +0 cloak of Weightlessness {rF+ rC+ Int-4} (You acquired it on level 14 of the Dungeon)
 33297 | D:14     | Found a gate to the Vaults.
 34505 | D:15     | Entered Level 15 of the Dungeon
 34528 | D:15     | Reached skill level 15 in Fighting
 34842 | D:15     | Reached XP level 18. HP: 149/149 MP: 31/31
 35312 | D:15     | Found a staircase to the Depths.
 36059 | Depths:1 | Entered Level 1 of the Depths
 37964 | Swamp:3  | Identified a +2 pair of boots of running (You acquired it on level 3 of the Swamp)
 37988 | Swamp:3  | HP: 11/223 [spriggan druid/angry trees (8)]
 37988 | Swamp:3  | Slain by an alligator

Action                   |  1- 3 |  4- 6 |  7- 9 | 10-12 | 13-15 | 16-18 || total
-------------------------+-------+-------+-------+-------+-------+-------++-------
Melee: War axe           |   134 |   118 |   489 |   731 |   942 |       ||  2414
       Unarmed           |       |     2 |       |       |       |       ||     2
       Battleaxe         |       |       |       |       |   703 |  1309 ||  2012
       Claymore          |       |       |       |       |       |     5 ||     5
Invok: Elemental Force   |       |       |       |     1 |     1 |     4 ||     6
       Disaster Area     |       |       |       |       |     4 |     1 ||     5
       Upheaval          |       |       |       |       |    11 |    24 ||    35
Evoke: Wand              |       |       |     5 |    15 |     8 |    10 ||    38
       Lamp of fire      |       |       |       |     1 |     2 |     6 ||     9
       Phial of floods   |       |       |       |       |       |     5 ||     5
       Fan of gales      |       |       |       |       |       |     3 ||     3
  Use: Potion            |       |     1 |     7 |     3 |     3 |    12 ||    26
       Scroll            |       |       |    20 |     8 |     7 |     4 ||    39
 Stab: Distracted        |       |       |     1 |       |       |       ||     1
       Invisible         |       |       |       |     1 |     1 |       ||     2
  Eat: Chunk             |       |     4 |    10 |    11 |    25 |    14 ||    64
       Royal jelly       |       |     1 |     1 |       |     1 |       ||     3
       Beef jerky        |       |     1 |       |     3 |     3 |     4 ||    11
       Fruit             |       |       |       |     6 |     6 |       ||    12
       Pizza             |       |       |       |       |     4 |     3 ||     7
       Meat ration       |       |       |       |       |       |     3 ||     3
